 Dungeon Crawl Stone Soup version 0.30-a0-989-g0d87f670db (webtiles) character file.

Game seed: 8701294142066082998

153 ragingrage the Shooter (level 5, 0/40 HPs)
             Began as a Hill Orc Hexslinger on Apr 2, 2023.
             Was an Initiate of Gozag.
             Slain by a centaur (2 damage)
             ... on level 5 of the Dungeon on Apr 3, 2023.
             The game lasted 00:06:23 (3088 turns).

ragingrage the Shooter (Hill Orc Hexslinger)        Turns: 3088, Time: 00:06:24

Health: 0/40       AC:  5    Str: 10 (13) XL:     5   Next: 35%
Magic:  6/6        EV: 11    Int: 12 (13) God:    Gozag
Gold:   234        SH:  0    Dex: 10 (13) Spells: 2/6 levels left

rFire   . . .      SeeInvis .    a - +2 sling
rCold   . . .      Faith    .    (no shield)
rNeg    . . .      Spirit   .    c - +0 robe
rPois   .          Reflect  .    f - +0 helmet
rElec   .          Rampage  .    (no cloak)
rCorr   .                        o - +0 pair of gloves
Will    .....                    i - +0 pair of boots
Stlth   ++                       (no amulet)
HPRegen 0.26/turn                (no ring)
MPRegen 0.10/turn                (no ring)

@: mighty, gold aura
A: mutation resistance 1
a: Renounce Religion, Potion Petition, Call Merchant, Bribe Branch


You were on level 5 of the Dungeon.
You worshipped Gozag.
Gozag was aware of your devotion.
You visited 1 branch of the dungeon, and saw 5 of its levels.

You collected 234 gold pieces.

Inventory:

Hand Weapons
 a - a +2 sling (weapon)
Armour
 c - a +0 robe (worn)
 f - a +0 helmet (worn)
 i - a +0 pair of boots (worn)
 o - a +0 pair of gloves (worn)
Wands
 q - a wand of roots (9)
Scrolls
 b - a scroll of poison
 g - a scroll of teleportation
 j - 6 scrolls of identify
 l - 4 scrolls of magic mapping
 m - a scroll of blinking {unknown}
 p - a scroll of enchant weapon
Potions
 e - a potion of attraction
 h - 2 potions of ambrosia


   Skills:
 - Level 1.2 Fighting
 + Level 4.3 Ranged Weapons
 - Level 1.5 Dodging
 - Level 2.0 Stealth
 - Level 1.0 Spellcasting
 - Level 3.0 Hexes


You had 2 spell levels left.
You knew the following spells:

 Your Spells              Type           Power      Damage    Failure   Level
a - Slow                  Hex            28%        N/A       9%          1
b - Inner Flame           Hex/Fire       4%         N/A       43%         3

Your spell library contained the following spells:

 Spells                   Type           Power      Damage    Failure   Level
 Magic Dart               Conj           0%         1d3       30%         1
 Searing Ray              Conj           0%         2d4       41%         2
 Portal Projectile        Hex/Tloc       8%         N/A       43%         3
 Cause Fear               Hex            3%         N/A       65%         4
 Fulminant Prism          Conj/Hex       2%         3d5       85%         4


Dungeon Overview and Level Annotations

Branches:
Dungeon (5/15)
 Temple: D:4-7

Altars:
Gozag
Zin

Annotations:
D:3 exclusions: ball python and orc wizard, Terence


Innate Abilities, Weirdness & Mutations

You are somewhat resistant to further mutation.


Message History

Aim: an adder (severely wounded, 38% to hit)
You shoot a sling bullet.
The sling bullet completely misses the adder.
The sling bullet hits the centaur.
The adder misses you. The adder barely misses you.
Fire: a) +1 sling
Aim: an adder (severely wounded, 38% to hit)
You shoot a sling bullet. The sling bullet misses the adder.
The sling bullet hits the centaur but does no damage.
The adder bites you but does no damage.
It was a potion of degeneration.
There was something very wrong with that liquid.
You feel weakened.
You feel dopey.
You feel clumsy. The adder bites you but does no damage.
Unknown command.
Fire: a) +1 sling
Aim: an adder (severely wounded, 35% to hit)
You shoot a sling bullet. The sling bullet hits the adder.
The adder bites you but does no damage. The adder bites you.
As you read the scroll labelled FESHIX VELOULU, it crumbles to dust.
It is a scroll of enchant weapon.
Your +1 sling glows red for a moment.
The adder closely misses you.
Unknown command.
Fire: a) +2 sling
Aim: an adder (almost dead, 38% to hit)
You shoot a sling bullet.
The sling bullet hits the adder but does no damage.
The adder barely misses you. The adder bites you.
Fire: a) +2 sling
Aim: an adder (almost dead, 38% to hit)
You shoot a sling bullet. The sling bullet hits the adder.
You kill the adder!
The centaur shoots an arrow.
The arrow hits you!
* * * LOW HITPOINT WARNING * * *
The centaur shoots an arrow.
The arrow barely misses you.
The centaur unwields a +0 shortbow.
The centaur hits you.
* * * LOW HITPOINT WARNING * * *
The centaur kicks you.
You die...
Your body crumbles into a pile of gold.

### ###
########.###>#
.....<......<#
#########..###.#
#.......#....#.#
#..<..##.#.#
#.##### .#.# ..
# #.# #.
#####.#@# #
.......c#
#####.).....#
#.##..### ..)
..# #### ..# ..#
..# ..#


You could see a centaur.

Vanquished Creatures
  A jelly (D:3)
  5 adders
  A worm (D:2)
  4 dart slugs
  10 bats
  2 endoplasms
  4 giant cockroaches
  12 goblins
  3 hobgoblins
  7 jackals (D:1)
  4 kobolds
  A quokka (D:4)
  6 ball pythons
  4 frilled lizards
64 creatures vanquished.

Notes
Turn   | Place    | Note
-------+----------+-------------------------------------------
     0 | D:1      | ragingrage the Hill Orc Hexslinger began the quest for the
                  | Orb.
     0 | D:1      | Reached XP level 1. HP: 16/16 MP: 2/2
    68 | D:1      | Reached skill level 2 in Ranged Weapons
   239 | D:1      | Reached XP level 2. HP: 21/23 MP: 0/3
   643 | D:1      | Reached skill level 3 in Ranged Weapons
   650 | D:1      | Reached XP level 3. HP: 16/28 MP: 4/4
   925 | D:1      | Reached skill level 1 in Stealth
  1117 | D:1      | Learned a level 3 spell: Inner Flame
  1326 | D:2      | Reached XP level 4. HP: 31/35 MP: 5/5
  2045 | D:3      | Found a faded altar of an unknown god.
  2056 | D:3      | Prayed at the altar of an unknown god.
  2056 | D:3      | Became a worshipper of Gozag Ym Sagoz the Greedy
  2115 | D:3      | Noticed Terence
  2269 | D:3      | Found a glowing silver altar of Zin.
  2751 | D:3      | Reached skill level 4 in Ranged Weapons
  2751 | D:3      | Reached XP level 5. HP: 40/40 MP: 6/6
  3008 | D:4      | Noticed a phantom
  3014 | D:5      | Entered Level 5 of the Dungeon
  3066 | D:5      | Noticed a centaur
  3074 | D:5      | Gained mutation: You are somewhat resistant to further
                  | mutation. [potion of mutation]
  3088 | D:5      | HP: 2/40 [centaur (4)]
  3088 | D:5      | Slain by a centaur

Illustrated notes

Levels and vault maps discovered:
D:1:      dpeg_arrival_solitude, layout_loops_ring, minmay_misc_feat_roman,
          moated_statue
D:2:      layout_loops_cross, grunt_ministairs_13, minmay_misc_feat_diagonals,
          minmay_misc_feat_doors
D:3:      layout_loops_ring, zin_scriptorium, basic_ecumenical_altar,
          uniq_terence
D:4:      layout_cave_pools
D:5:      lemuel_ratsnest, layout_basic, temple_fountains,
          gup_sewer_entry_spiral, uniq_prince_ribbit1

Skill      XL: |  1  2  3  4 |
---------------+-------------+-----
Ranged Weapons | 2 3 4 |  4.3
Stealth        | 1 2 |  2.0
Fighting       | |  1.2
Dodging        | |  1.5
Spellcasting   | |  1.0
Hexes          | |  3.0

Action                     |  1- 3 |  4- 6 || total
---------------------------+-------+-------++-------
   Fire: Sling             |   130 |   113 ||   243
   Cast: Slow              |     5 |     5 ||    10
    Use: Potion            |       |     5 ||     5
         Scroll            |       |     3 ||     3
 Armour: Robe              |    20 |    18 ||    38
  Dodge: Dodged            |    57 |    34 ||    91

Table legend: (Time is in decaauts)
 A = Elapsed time spent in this place.
 B = Non-inter-level travel time spent in this place.
 C = Inter-level travel time spent in this place.
 D = Time resting spent in this place.
 E = Time spent auto-exploring this place.
 F = Levels seen in this place.
 G = Mean time per level.
                   A        B        C        D        E       F      G
               +--------+--------+--------+--------+--------+-----+--------+
         Total |   3144 |   2947 |    197 |    323 |   1935 |   5 |  628.8 |
       Dungeon |   3144 |   2947 |    197 |    323 |   1935 |   5 |  628.8 |
               +--------+--------+--------+--------+--------+-----+--------+

Top non-repeatable levels by time:
     D:1: 1140 daAuts
     D:3: 962 daAuts
     D:2: 837 daAuts
     D:4: 127 daAuts
     D:5: 76 daAuts
